 Dungeon Sprint DCSS version 0.30.1 (webtiles) character file.

Game seed: 10111157833844546916

391 boopmooplesden the Spear-Bearer (level 6, 0/64 HPs)
             Began as a Draconian Berserker on July 4, 2023.
             Was a High Priest of Trog.
             Slain by a yak (10 damage)
             ... in the Dungeon (Sprint IX: "|||||||||||||||||||||||||||||").
             The game lasted 00:00:45 (334 turns).

boopmooplesden the Spear-Bearer (DrBe)               Turns: 334, Time: 00:00:46

Health: 0/64       AC: 11    Str: 21    XL:     6   Next: 50%
Magic:  6/6        EV: 14    Int:  8    God:    Trog [*****.]
Gold:   0          SH:  0    Dex: 10    Spells: 5/5 levels left

rFire   . . .        j - +2 halberd (flame)
rCold   . . .        (shield currently unavailable)
rNeg    . . .        (body armour unavailable)
rPois   .            (helmet restricted)
rElec   .            l - +0 cloak
rCorr   .            (no gloves)
SInv    .            (no boots)
Will    .....        (no amulet)
Stlth   +            m - +2 ring of protection
HPRegen 0.30/turn    n - +2 ring of protection
MPRegen 0.10/turn

%: no teleportation
@: on berserk cooldown, slowed, very slow
A: AC +6, unfitting armour, cold-blooded
a: Renounce Religion, Berserk, Trog's Hand, Brothers in Arms


You were in the Dungeon.
You worshipped Trog.
Trog was extremely pleased with you.
You visited 1 branch

Inventory:

Hand Weapons
 a - a +0 spear
 j - a +2 halberd of flaming (weapon)
 k - the +2 scimitar "Pendulum" {heavy, Str+3}
   (You found it in the Dungeon)

   Str:       It affects your strength (+3).
Armour
 l - a +0 cloak (worn)
Jewellery
 m - a +2 ring of protection (left hand)
 n - a +2 ring of protection (right hand)
Wands
 i - a wand of acid (10)
Scrolls
 g - 2 scrolls of blinking
Potions
 b - 5 potions of curing
 c - a potion of invisibility
 d - a potion of haste
 e - 4 potions of magic
 f - a potion of berserk rage
 h - 2 potions of heal wounds


   Skills:
 + Level 9.4 Fighting
 + Level 9.6 Polearms
 + Level 7.2 Dodging


You had 5 spell levels left.
You didn't know any spells.
Your spell library was empty.

Dungeon Overview and Level Annotations

Branches:
Dungeon (1/1)

Altars:
Cheibriados
Dithmenos
Elyvilon
Fedhas
Gozag
Hepliaklqana
Kikubaaqudgha
Makhleb
Nemelex Xobeh
Okawaru
Qazlal
Ru
Sif Muna
Trog
Uskayaw
Vehumet
Wu Jian
Xom
Yredelemnul
Zin
The Shining One
Jiyva
Lugonu


Innate Abilities, Weirdness & Mutations

Your plain brown scales are hard. (AC +6)
You cannot fit into any form of body armour.
You are cold-blooded and may be slowed by cold attacks.


Message History

Your Polearms skill gained 2 levels and is now at level 8!
Your Dodging skill increases to level 6!
You have reached level 5!
You hit the orc wizard but do no damage.
The orc wizard barely misses you.
You slash the orc wizard! You burn the orc wizard.
You kill the orc wizard!
Trog accepts your kill.
Trog appreciates your killing of a magic user.
You slash something! You burn something.
You hear some strange, mumbled words.
Something tries to affect you, but you resist.
You barely miss something.
Your tail-slap misses something.
You barely miss something. Something hits you! Something bites you!
Something draws strength from your injuries!
Unknown command.
You slice something!! You burn something! Trog accepts your kill.
Trog appreciates your killing of a magic user.
Trog will now gift you melee weapons as you gain piety.
Reactivating autopickup.
You feel a bit more experienced.
Your Fighting skill increases to level 9!
Your Polearms skill increases to level 9!
Your Dodging skill increases to level 7!
You have reached level 6!
Your scales feel tougher.
You are no longer berserk.
You are exhausted.
You feel yourself slow down. The yak gores you but does no damage.
Items here: )) [[ †.
You closely miss the yak. The yak gores you. The yak gores you!
* * * LOW HITPOINT WARNING * * *
You hit the yak. You burn the yak.
The yak is lightly wounded.
The yak barely misses you.
You barely miss the yak.
Your tail-slap misses the yak.
The yak is lightly wounded.
The yak gores you!
You die...

▓+▓
▓.▓
▓.▓
▓.▓
▓T▓
▓Y▓
▓@▓
▓)▓
▓.▓
▓.▓
▓[▓
▓.▓
▓[▓
▓.▓
▓)▓


You could see a yak and a troll.

Vanquished Creatures
  A vampire (D)
  An orc warrior (D)
  A centaur (D)
  A hound (D)
  An orc wizard (D)
  An adder (D)
  A white imp (D)
  A worm (D)
  2 ball pythons (D)
  A bat (D)
  A quokka (D)
  A frilled lizard (D)
  A kobold (D)
14 creatures vanquished.

Notes
Turn   | Place    | Note
-------+----------+-------------------------------------------
     0 | D        | boopmooplesden the Draconian Berserker began the quest for
                  | the Orb.
     0 | D        | Reached XP level 1. HP: 19/19 MP: 1/1
    11 | D        | Reached ** piety under Trog
   235 | D        | Noticed a hound
   247 | D        | Reached *** piety under Trog
   248 | D        | Reached XP level 2. HP: 28/28 MP: 2/2
   252 | D        | Reached skill level 5 in Fighting
   258 | D        | Reached skill level 5 in Polearms
   258 | D        | Reached XP level 3. HP: 33/37 MP: 3/3
   266 | D        | Found a snail-covered altar of Cheibriados.
   266 | D        | Found a shadowy altar of Dithmenos.
   266 | D        | Found a white marble altar of Elyvilon.
   266 | D        | Found a blossoming altar of Fedhas.
   266 | D        | Found an opulent altar of Gozag.
   267 | D        | Found a hazy altar of Hepliaklqana.
   268 | D        | Found a viscous altar of Jiyva.
   269 | D        | Found an ancient bone altar of Kikubaaqudgha.
   270 | D        | Found a corrupted altar of Lugonu.
   271 | D        | Found a burning altar of Makhleb.
   272 | D        | Found a sparkling altar of Nemelex Xobeh.
   273 | D        | Found an iron altar of Okawaru.
   274 | D        | Found a stormy altar of Qazlal.
   275 | D        | Found a sacrificial altar of Ru.
   276 | D        | Found a shimmering blue altar of Sif Muna.
   277 | D        | Found a bloodstained altar of Trog.
   278 | D        | Found a hide-covered altar of Uskayaw.
   279 | D        | Found a radiant altar of Vehumet.
   280 | D        | Found an ornate altar of the Wu Jian Council.
   281 | D        | Found a shimmering altar of Xom.
   282 | D        | Found a basalt altar of Yredelemnul.
   283 | D        | Found a glowing silver altar of Zin.
   284 | D        | Found a glowing golden altar of the Shining One.
   300 | D        | Got the +2 scimitar "Pendulum" {heavy, Str+3}
   318 | D        | Noticed a troll
   318 | D        | Noticed a yak
   318 | D        | Noticed a vampire
   318 | D        | Noticed an orc warrior
   318 | D        | Noticed a centaur
   320 | D        | Killed a centaur
   320 | D        | Reached **** piety under Trog
   321 | D        | Reached skill level 5 in Dodging
   321 | D        | Reached XP level 4. HP: 47/47 MP: 4/4
   324 | D        | Killed an orc warrior
   325 | D        | Reached XP level 5. HP: 47/53 MP: 5/5
   330 | D        | Killed a vampire
   330 | D        | Reached ***** piety under Trog
   331 | D        | Reached XP level 6. HP: 40/64 MP: 6/6
   334 | D        | Slain by a yak

Illustrated notes

Levels and vault maps discovered:
D:        linesprint [early_d, line_temple, items_1, d_10, items_2, lair_1,
          lair_end, items_3, orc_1, orc_end, items_4, d_15, swamp_1, shoals_1,
          snake_1, spider_1, d_20, vaults_1, items_5, swamp_end, shoals_end,
          snake_end, spider_end, vaults_end, d_27, items_6, zot_1, zot_end,
          crypt_end, forest_end, elf_end, slime_end, tomb_end, abyss_end,
          pan_hell_end]

Skill      XL: |  1  2  3  4  5 |
---------------+----------------+-----
Dodging        | 3 4 5 6 7 |  7.2
Fighting       | 4 5 7 8 9 |  9.4
Polearms       | 5 6 8 9 |  9.6

Action                     |  1- 3 |  4- 6 || total
---------------------------+-------+-------++-------
  Melee: Spear             |    29 |       ||    29
         Halberd           |     1 |    12 ||    13
         Tailslap          |     1 |       ||     1
 Invoke: Berserk           |     2 |       ||     2
    Use: Potion            |     1 |       ||     1
 Armour: Skin              |    10 |     1 ||    11
  Dodge: Dodged            |    17 |     3 ||    20
